 Dungeon Crawl Stone Soup version 0.29-a0-575-g0dc89cf053 (webtiles) character file.

Game seed: 116475991340655546

45 spaghetti the Firebug (level 3, -7/28 HPs)
             Began as a Gnoll Wanderer on June 12, 2022.
             Mangled by a gnoll
             ... wielding a +0 halberd
              (10 damage)
             ... on level 2 of the Dungeon.
             The game lasted 00:02:01 (1466 turns).

spaghetti the Firebug (Gnoll Wanderer)              Turns: 1466, Time: 00:02:02

Health: -7/28      AC:  6    Str: 13    XL:     3   Next: 64%
Magic:  5/9        EV:  9    Int: 13    God:
Gold:   66         SH:  0    Dex:  9    Spells: 8/12 levels left

rFire   . . .      SeeInvis .   a - +0 hand crossbow {crossbow}
rCold   . . .      Faith    .   (no shield)
rNeg    . . .      Spirit   .   b - +0 scale mail
rPois   .          Reflect  .   (no helmet)
rElec   .          Harm     .   (no cloak)
rCorr   .          Rampage  .   (no gloves)
Will    .....                   (no boots)
Stlth   ..........              (no amulet)
HPRegen 0.09/turn               (no ring)
MPRegen 0.11/turn               (no ring)

@: very slightly contaminated, invisible
A: fangs 1, strong nose, distributed training
a: no special abilities


You were on level 2 of the Dungeon.
You visited 1 branch of the dungeon, and saw 2 of its levels.

You collected 66 gold pieces.


Innate Abilities, Weirdness & Mutations

You have very sharp teeth.
Your uncanny sense of smell can sniff out nearby items.
Your experience applies equally to all skills.


   Skills:
 + Level 2.6 Fighting
 + Level 0.9 Short Blades
 + Level 0.9 Long Blades
 + Level 0.9 Axes
 + Level 0.9 Maces & Flails
 + Level 0.9 Polearms
 + Level 0.9 Staves
 + Level 0.9 Slings
 + Level 0.9 Bows
 + Level 2.6 Crossbows
 + Level 0.9 Throwing
 + Level 2.6 Armour
 + Level 0.9 Dodging
 + Level 2.4 Stealth
 + Level 0.9 Shields
 + Level 0.9 Unarmed Combat
 + Level 5.0 Spellcasting
 + Level 0.6 Conjurations
 + Level 0.6 Hexes
 + Level 0.6 Summonings
 + Level 0.6 Necromancy
 + Level 0.6 Translocations
 + Level 0.6 Transmutations
 + Level 7.1 Fire Magic
 + Level 0.6 Ice Magic
 + Level 0.6 Air Magic
 + Level 0.6 Earth Magic
 + Level 0.6 Poison Magic
 + Level 1.0 Invocations
 + Level 0.9 Evocations


You had 8 spell levels left.
You knew the following spells:

 Your Spells              Type           Power      Damage    Failure   Level
a - Foxfire               Conj/Fire      52%        2x1d6     17%         1
b - Conjure Flame         Conj/Fire      13%        6-21      45%         3

Your spell library contained the following spells:

 Spells                   Type           Power      Damage    Failure   Level
 Flame Wave               Conj/Fire      13%        2d6       86%         4

Inventory:

Hand Weapons
 a - a +0 hand crossbow (weapon) {crossbow}
Missiles
 d - 32 stones {throwing}
 f - 7 boomerangs {throwing}
Armour
 b - a +0 scale mail (worn)
Wands
 j - a wand of digging (5)
   (You found it on level 2 of the Dungeon)
Scrolls
 e - a scroll of fear {unknown}
 h - a scroll of summoning {unknown}
 i - a scroll of poison {unknown}
 l - a scroll of silence {unknown}
Potions
 c - a potion of attraction {!q}
 k - a potion of curing {unknown}

Dungeon Overview and Level Annotations

Branches:
Dungeon (2/15)

Altars:
Kikubaaqudgha

...........####^.#
#.# ...........#
##.###.##
..........>#
#.......
...........#
#[..####
..........#
#.######
###.....##
#<##....
#āˆ†#....##
#.##.... #+#'#Pā€
.## ........
#...gā€ @.#
#.###... #...#P.##
#....... #.. #..#
#####... ## #..#
#... #### ####


You could see a gnoll (can't see you).


Message History

You are too injured to fight recklessly!
You are too injured to fight recklessly!
You are too injured to fight recklessly!
You are too injured to fight recklessly!
Casting: Foxfire (safe; 17% risk of failure)
Confirm with . or Enter, or press ? or * to list all spells.
You conjure some foxfire!
The frilled lizard closely misses you. šŸ˜• MP[-1]
You lost 1 mp, and now have 8/9 mp.
Unknown command.
Casting: Foxfire (safe; 17% risk of failure)
Confirm with . or Enter, or press ? or * to list all spells.
You conjure some foxfire!
The foxfire hits the frilled lizard.
You kill the frilled lizard! šŸ˜• MP[-1]
You lost 1 mp, and now have 7/9 mp.
Casting: Foxfire (safe; 17% risk of failure)
Confirm with . or Enter, or press ? or * to list all spells.
You conjure some foxfire! šŸ˜• MP[-1]
You lost 1 mp, and now have 6/9 mp.
Found an ancient bone altar of Kikubaaqudgha. šŸ˜Ž HP[+3] MP[+3]
Your hp is fully restored (28).
Your mp is fully restored (9).
f - 7 boomerangs {throwing} (gained 4)
You see here a frilled lizard corpse.
Key pressed, stopping explore.
Key pressed, stopping explore.
Found a stone staircase leading up.
l - a scroll labelled BITSUA AROA You see here a +0 robe.
Found a stone staircase leading down.
Key pressed, stopping explore.
You open the door.
A gnoll and 2 jackals come into view.
The jackal barks!
The gnoll shouts!
The jackal barks!
There are monsters nearby!
There are monsters nearby!
There are monsters nearby!
Unknown command.
You shoot a bolt. The bolt hits the jackal.
A gnoll opens the door.
The jackal barely misses you. The jackal closely misses you.
You shoot a bolt. The bolt hits the jackal.
The jackal bites you but does no damage.
The gnoll barely misses you. The jackal bites you.
The gnoll closely misses you. šŸ˜• HP[-2]
You take 2 damage, and now have 26/28 hp.
You are too injured to fight recklessly!
You are too injured to fight recklessly!
You are too injured to fight recklessly!
You are too injured to fight recklessly!
You are too injured to fight recklessly!
You are too injured to fight recklessly!
You are too injured to fight recklessly!
You are too injured to fight recklessly!
You are too injured to fight recklessly!
You are too injured to fight recklessly!
You are too injured to fight recklessly!
You are too injured to fight recklessly!
Casting: Foxfire (safe; 17% risk of failure)
Confirm with . or Enter, or press ? or * to list all spells.
You conjure some foxfire!
The foxfire hits the jackal.
The jackal bites you but does no damage. šŸ˜• MP[-1]
You lost 1 mp, and now have 8/9 mp.
Casting: Foxfire (safe; 17% risk of failure)
Confirm with . or Enter, or press ? or * to list all spells.
You conjure some foxfire!
The foxfire hits the jackal.
The jackal bites you. The jackal barely misses you.
The gnoll barely misses you. šŸ˜• HP[-3] MP[-1]
You take 3 damage, and now have 23/28 hp.
You lost 1 mp, and now have 7/9 mp.
Casting: Foxfire (safe; 17% risk of failure)
Confirm with . or Enter, or press ? or * to list all spells.
You conjure some foxfire!
The foxfire hits the jackal. x2
You kill the jackal!
The jackal bites you but does no damage.
The gnoll hits you from afar with a +0 halberd!
* * * LOW HITPOINT WARNING * * *
šŸ˜Ø HP[-13] MP[-1]
You take 13 damage, and now have 10/28 hp.
MASSIVE DAMAGE!! (PAUSE)
You lost 1 mp, and now have 6/9 mp.
Casting: Foxfire (safe; 17% risk of failure)
Confirm with . or Enter, or press ? or * to list all spells.
You miscast Foxfire.
You are very lightly contaminated with residual magic.
Nothing appears to happen.
The foxfire hits the jackal.
You kill the jackal!
The gnoll hits you from afar with a +0 halberd!
* * * LOW HITPOINT WARNING * * *
šŸ˜± HP[-7] MP[-1]
You take 7 damage, and now have 3/28 hp.
MASSIVE DAMAGE!! (PAUSE)
You lost 1 mp, and now have 5/9 mp.
It was a potion of invisibility.
You fade into invisibility!
The gnoll hits you from afar with a +0 halberd!
You die...

Skill      XL: |  1  2  3 |
---------------+----------+-----
Spellcasting   | 5 |  5.0
Invocations    | 1 |  1.0
Fighting       | |  2.6
Short Blades   | |  0.9
Long Blades    | |  0.9
Axes           | |  0.9
Maces & Flails | |  0.9
Polearms       | |  0.9
Staves         | |  0.9
Slings         | |  0.9
Bows           | |  0.9
Crossbows      | |  2.6
Throwing       | |  0.9
Armour         | |  2.6
Dodging        | |  0.9
Stealth        | |  2.4
Shields        | |  0.9
Unarmed Combat | |  0.9
Conjurations   | |  0.6
Hexes          | |  0.6
Summonings     | |  0.6
Necromancy     | |  0.6
Translocations | |  0.6
Transmutations | |  0.6
Fire Magic     | |  7.1
Ice Magic      | |  0.6
Air Magic      | |  0.6
Earth Magic    | |  0.6
Poison Magic   | |  0.6
Evocations     | |  0.9

Action                   || total
-------------------------++-------
 Fire: Hand crossbow     ||    94
 Cast: Foxfire           ||    21
  Use: Potion            ||     1
Armor: Scale mail        ||    36
Dodge: Dodged            ||    41

Levels and vault maps discovered:
D:1:      grunt_arrival_crossed_arrows, layout_basic, minmay_tromino_i2
D:2:      layout_rooms, basic_altar, hellmonk_ecumenical_altar_arch_garden,
          cheibrodos_gnoll_hut

Notes
Turn   | Place    | Note
-------+----------+-------------------------------------------
     0 | D:1      | spaghetti the Gnoll Wanderer began the quest for the Orb.
     0 | D:1      | spaghetti set off with the following items: a +0 hand
                  | crossbow {crossbow}, a +0 scale mail, a potion of
                  | attraction {!q}; and the following spell memorised:
                  | Foxfire; and the following spells available to memorise:
                  | Conjure Flame, Flame Wave
     0 | D:1      | Reached XP level 1. HP: 17/17 MP: 6/6
     0 | D:1      | magus.rc [v1.9.6]
   208 | D:1      | Reached XP level 2. HP: 23/23 MP: 7/7
   849 | D:1      | Reached XP level 3. HP: 28/28 MP: 9/9
   946 | D:1      | Reached skill level 5 in Spellcasting
  1100 | D:1      | Learned a level 3 spell: Conjure Flame
  1240 | D:2      | Reached skill level 1 in Invocations
  1390 | D:2      | Found an ancient bone altar of Kikubaaqudgha.
  1465 | D:2      | HP: 3/28 [gnoll/+0 halberd (8)]
  1466 | D:2      | Mangled by a gnoll

Vanquished Creatures
  An adder (D:2)
  A dart slug (D:1)
  An endoplasm (D:2)
  A giant cockroach (D:1)
  6 goblins
  A hobgoblin (D:1)
  2 jackals (D:2)
  4 kobolds (D:1)
  2 quokkas
  4 ball pythons
  4 bats
  3 frilled lizards
  4 rats (D:1)
34 creatures vanquished.

Vanquished Creatures (others)
  37 foxfires
37 creatures vanquished.

Grand Total: 71 creatures vanquished

Table legend:
 A = Non-vault XP
 B = Vault XP
 C = Vault XP percentage of total XP
 D = Non-vault monster count
 E = Vault monster count
 F = Vault count percentage of total count
                 A         B        C        D         E       F
            +---------+---------+-------+---------+---------+-------
      Total |      60 |       5 |   7.7 |      31 |       3 |   8.8
            +---------+---------+-------+---------+---------+-------
        D:1 |      37 |       1 |   2.6 |      23 |       1 |   4.2
        D:2 |      23 |       4 |  14.8 |       8 |       2 |  20.0
            +---------+---------+-------+---------+---------+-------

Illustrated notes

Table legend:
 A = Kills in this place as a percentage of kills in entire the game.
 B = Kills by you in this place as a percentage of kills by you in the entire game.
 C = Kills by friends in this place as a percentage of kills by friends in the entire game.
 D = Other kills in this place as a percentage of other kills in the entire game.
 E = Experience gained in this place as a percentage of experience gained in the entire game.
 F = Experience gained in this place divided by the number of levels of this place that you have seen.
                   A       B       C       D       E      F
               +-------+-------+-------+-------+-------+----------------------
         Total | 100.0 | 100.0 |   N/A |   N/A | 100.0 |  32.5
       Dungeon | 100.0 | 100.0 |   N/A |   N/A | 100.0 |  32.5
               +-------+-------+-------+-------+-------+----------------------

Table legend: (Time is in decaauts)
 A = Elapsed time spent in this place.
 B = Non-inter-level travel time spent in this place.
 C = Inter-level travel time spent in this place.
 D = Time resting spent in this place.
 E = Time spent auto-exploring this place.
 F = Levels seen in this place.
 G = Mean time per level.
                   A        B        C        D        E       F      G
               +--------+--------+--------+--------+--------+-----+--------+
         Total |   1523 |   1505 |     18 |      0 |   1258 |   2 |  761.5 |
       Dungeon |   1523 |   1505 |     18 |      0 |   1258 |   2 |  761.5 |
               +--------+--------+--------+--------+--------+-----+--------+

Top non-repeatable levels by time:
     D:1: 1166 daAuts
     D:2: 356 daAuts
